 Dungeon Crawl Stone Soup version 0.29-a0-824-gd827844252 (webtiles) character file.

Game seed: 6452117251004535288

9375 flotson the Trooper (level 11, -2/84 HPs)
             Began as a Demonspawn Delver on July 10, 2022.
             Was an Initiate of Gozag.
             Succumbed to a cane toad's poison
             ... on level 1 of the Lair of Beasts.
             The game lasted 00:31:40 (17070 turns).

flotson the Trooper (Demonspawn Delver)            Turns: 17070, Time: 00:31:41

Health: -2/84      AC: 12    Str: 16    XL:     11   Next: 22%
Magic:  3/15       EV: 14    Int: 19    God:    Gozag
Gold:   1651       SH:  6    Dex: 24    Spells: 15/16 levels left

rFire   . . .      SeeInvis .   a - +0 trident
rCold   . . .      Faith    .   n - +0 buckler
rNeg    . . .      Spirit   +   O - +0 chain mail {Will+}
rPois   .          Reflect  .   (no helmet)
rElec   .          Harm     .   (no cloak)
rCorr   .          Rampage  .   N - +0 pair of gloves "Omaot" {Fly Int+7 Dex+3 Slay-4}
Will    +....                   (no boots)
Stlth   ..........              L - amulet of guardian spirit
HPRegen 0.24/turn               q - +4 ring of evasion
MPRegen 0.14/turn               D - +6 ring of dexterity

@: lethally poisoned (-2 -> -30), flying
A: demonic guardian 2, powered by death 2, sharp scales 1, weakness stinger 2
a: Renounce Religion, Potion Petition, Call Merchant, Bribe Branch


You were on level 1 of the Lair of Beasts.
You worshipped Gozag.
Gozag was most pleased with you.
You visited 3 branches of the dungeon, and saw 13 of its levels.
You also visited: Ossuary.

You collected 1766 gold pieces.
You paid 115 gold pieces to Gozag.

Inventory:

Hand Weapons
 a - a +0 trident (weapon)
 b - a +0 sling
 k - a +3 dagger of distortion
 u - a +0 hand axe of venom
Missiles
 j - 120 stones
 l - 15 poisoned darts (quivered)
 x - 6 boomerangs
 A - a throwing net
Armour
 n - a +0 buckler (worn)
 N - the +0 pair of gloves "Omaot" (worn) {Fly Int+7 Dex+3 Slay-4}
   (You found it on level 8 of the Dungeon)

   Int:       It affects your intelligence (+7).
   Dex:       It affects your dexterity (+3).
   Slay:      It affects your accuracy & damage with ranged weapons and melee
   (-4).
   Fly:       It grants you flight.
 O - a +0 chain mail of willpower (worn)
Jewellery
 q - a +4 ring of evasion (left hand)
 B - a ring of protection from fire
 D - a +6 ring of dexterity (right hand)
 L - an amulet of guardian spirit (around neck)
Wands
 e - a wand of mindburst (7)
 g - a wand of digging (7)
 h - a wand of flame (10)
 y - a wand of charming (13)
 C - a wand of roots (4)
Scrolls
 c - 2 scrolls of fog
 d - 2 scrolls of magic mapping
 m - 2 scrolls of silence
 s - a scroll of torment {unknown}
 t - a scroll of blinking {unknown}
 v - 2 scrolls of immolation {unknown}
 z - 5 scrolls of enchant weapon
 E - a scroll of vulnerability {unknown}
 H - 3 scrolls of enchant armour
 M - 2 scrolls of poison
 P - a scroll of acquirement {unknown}
Potions
 f - a potion of flight
 o - a potion of curing
 p - 2 potions of ambrosia
 r - 2 potions of cancellation
 w - 3 potions of attraction
 F - 2 potions of might
 G - a potion of invisibility {unknown}
 I - 3 potions of mutation
 J - a potion of heal wounds
 K - 2 potions of haste


   Skills:
 + Level 7.4 Fighting
 + Level 5.0(6.0) Axes
 - Level 4.9(6.0) Polearms
 + Level 5.0 Throwing
 + Level 6.0 Armour
 + Level 6.4 Dodging
 - Level 4.5 Stealth
 - Level 4.2 Shields
 - Level 3.0 Spellcasting
 - Level 3.1 Translocations
 + Level 5.6 Evocations


You had 15 spell levels left.
You knew the following spells:

 Your Spells              Type           Power      Damage    Failure   Level
a - Apportation           Tloc           28%        N/A       61%         1

Your spell library contained the following spells:

 Spells                   Type           Power      Damage    Failure   Level
 Necrotise                Necr           8%         1d4       95%         1
 Shock                    Conj/Air       8%         1d3       95%         1
 Summon Small Mammal      Summ           8%         N/A       95%         1
 Portal Projectile        Hex/Tloc       16%        N/A       99%         3
 Swiftness                Air            2%         N/A       100%        3
 Tukima's Dance           Hex            2%         N/A       100%        3
 Airstrike                Air            1%         0-2+      100%        4
 Blade Hands              Tmut           1%         N/A       100%        5


Dungeon Overview and Level Annotations

Branches:
Dungeon (11/15)            Temple (1/1) D:6            Lair (1/6) D:10
Ossuary (visited)
    Orc: D:9-12

Altars:
Cheibriados
Fedhas
Gozag
Hepliaklqana
Kikubaaqudgha
Makhleb
Okawaru
Qazlal
Ru
Trog
Uskayaw
Wu Jian
Xom
Yredelemnul

Shops:
D:9 *   D:10 [

Annotations:
D:8 exclusion: ice statue
D:9 exclusion: 3 oklob plants


Innate Abilities, Weirdness & Mutations

A demonic guardian rushes to your aid.
You regenerate health from kills.
You are partially covered in razor-sharp scales. (AC +1, Slay +1)
You have a tail ending in a sharp stinger.


Message History

You closely miss the cane toad.
The cane toad is almost dead.
You block the cane toad's attack.
You closely miss the cane toad.
The cane toad is almost dead.
The cane toad stings you.
You hit the cane toad but do no damage.
Your tail-slap misses the cane toad.
The cane toad is almost dead.
The cane toad stings you!
You hit the cane toad but do no damage.
The cane toad is almost dead.
The cane toad barely misses you. The cane toad closely misses you.
You hit the cane toad.
The cane toad is almost dead.
The cane toad stings you but does no damage.
You hit the cane toad.
The cane toad is almost dead.
The cane toad stings you but does no damage.
You hit the cane toad but do no damage.
The cane toad is almost dead.
The cane toad stings you!
You are poisoned.
The cane toad poisons you!
You hit the cane toad.
Your tail-slap misses the cane toad.
The cane toad is almost dead.
You feel very sick. The cane toad barely misses you. The cane toad stings you!
* * * LOW HITPOINT WARNING * * *
A demonic guardian appears!
You are more poisoned.
The cane toad poisons you!
You hit the cane toad but do no damage.
The cane toad is almost dead.
* * * LOW HITPOINT WARNING * * *
You feel extremely sick.
The cane toad stings you but does no damage.
You closely miss the cane toad.
The cane toad is almost dead.
You die...
Your body crumbles into a pile of gold.

##...... . #..#..#.
..#......### .#
...........##.#
#...$....#....#
#..........#..#
......#.....##
.....!F@.....#
......4.....##
...##.......# ### #### .
.$.....#.#### #P###.#.
#.......#....###.......
#.#......P.#........#..
$
...#...##............#..
.. #.....#####.......##.
#..... #....#...####


You could see a cane toad (ally target) and a friendly hellwing (summoned).

Vanquished Creatures
  Erolcha (D:9)
  Pikel (D:7)
  Maggie (D:7)
  Psyche (D:8)
  4 ice devils (D:8)
  A hornet (D:8)
  Sigmund (D:5)
  A wraith (D:10)
  8 yaks
  A wyvern (D:10)
  2 basilisks (D:10)
  Grum (Lair:1)
  3 steam dragons
  A floating eye (D:9)
  A black bear (D:10)
  An ice beast (D:6)
  2 orc warriors
  An ogre (D:6)
  A sky beast (D:8)
  2 wolves (D:10)
  3 centaurs
  A phantom (D:6)
  A kobold brigand (D:9)
  A scorpion (D:4)
  4 bullfrogs
  2 gnoll sergeants
  3 wights
  3 killer bees (D:10)
  2 howler monkeys
  4 jellies
  A gnoll bouda (D:9)
  6 orc priests
  4 hounds
  A human zombie (Ossuary)
  Terence (D:2)
  2 iguanas
  5 orc wizards
  3 hound zombies (Ossuary)
  4 mummies (Ossuary)
  9 gnolls
  6 adders
  A white imp (D:6)
  7 ufetubi (D:8)
  An adder zombie (Ossuary)
  2 worms
  4 dart slugs
  19 orcs
  9 bats
  10 endoplasms
  4 giant cockroaches
  A gnoll zombie (Ossuary)
  7 goblins
  8 hobgoblins
  2 jackals (D:3)
  16 kobolds
  2 quokkas
  10 ball pythons
  5 frilled lizards
  A hobgoblin zombie (Ossuary)
  A jackal zombie (Ossuary)
  3 orc zombies (Ossuary)
  5 rats
  A rat zombie (Ossuary)
220 creatures vanquished.

Vanquished Creatures (collateral kills)
  A cane toad (D:10)
  An ice devil (D:8)
  3 yaks
  2 wolves (D:10)
  2 orc wizards (D:10)
  3 gnolls (D:9)
12 creatures vanquished.

Vanquished Creatures (others)
  An orc wizard (D:7)
  An orc (D:7)
  A fungus (Lair:1)
  15 plants
18 creatures vanquished.

Grand Total: 250 creatures vanquished

Notes
Turn   | Place    | Note
-------+----------+-------------------------------------------
     0 | D:5      | flotson the Demonspawn Delver began the quest for the Orb.
     0 | D:5      | Reached XP level 1. HP: 18/18 MP: 1/1
    66 | D:5      | Noticed a hound
   100 | D:4      | Gained mutation: You are partially covered in razor-sharp
                  | scales. (AC +1, Slay +1) [demonic ancestry]
   100 | D:4      | Reached XP level 2. HP: 24/24 MP: 2/2
   251 | D:4      | Reached skill level 1 in Evocations
   251 | D:4      | Gained mutation: You have a small tail. [demonic ancestry]
   251 | D:4      | Reached XP level 3. HP: 20/29 MP: 3/3
   403 | D:3      | Found a basalt altar of Yredelemnul.
   462 | D:3      | Reached skill level 1 in Axes
   487 | D:2      | Reached skill level 1 in Armour
   632 | D:2      | Noticed Terence
   655 | D:2      | Killed Terence
   656 | D:2      | Gained mutation: You regenerate a little health from kills.
                  | [demonic ancestry]
   656 | D:2      | Reached XP level 4. HP: 7/35 MP: 4/4
  1369 | D:1      | Found a faded altar of an unknown god.
  1967 | D:2      | Gained mutation: You have a tail ending in a sharp stinger.
                  | [demonic ancestry]
  1967 | D:2      | Reached XP level 5. HP: 41/41 MP: 5/5
  2674 | D:3      | Reached skill level 1 in Throwing
  3705 | D:4      | HP: 2/42 [poisoned by a scorpion]
  3722 | D:4      | Reached skill level 1 in Shields
  3722 | D:4      | Reached XP level 6. HP: 19/48 MP: 6/6
  4005 | D:4      | Found a shimmering altar of Xom.
  4391 | D:5      | Noticed Sigmund
  4931 | D:5      | Killed Sigmund
  4932 | D:5      | Reached skill level 4 in Fighting
  4932 | D:5      | Gained mutation: A weak demonic guardian rushes to your
                  | aid. [demonic ancestry]
  4932 | D:5      | Reached XP level 7. HP: 45/54 MP: 7/7
  5614 | D:6      | Found an ancient bone altar of Kikubaaqudgha.
  5614 | D:6      | Found a snail-covered altar of Cheibriados.
  6324 | D:6      | Reached XP level 8. HP: 22/61 MP: 8/8
  6556 | D:6      | Found a staircase to the Ecumenical Temple.
  6588 | Temple   | Entered the Ecumenical Temple
  6658 | Temple   | Became a worshipper of Gozag Ym Sagoz the Greedy
  7167 | D:7      | Found a sand-covered staircase.
  7266 | Ossuary  | Entered an ossuary
  8021 | D:7      | Reached skill level 5 in Fighting
  8371 | D:7      | Noticed Maggie
  8744 | D:6      | Gained mutation: A demonic guardian rushes to your aid.
                  | [demonic ancestry]
  8744 | D:6      | Reached XP level 9. HP: 37/68 MP: 5/9
  9209 | D:7      | Noticed Pikel
  9223 | D:7      | Killed Pikel
  9496 | D:7      | Killed Maggie
  9900 | D:8      | Noticed an ice devil
  9901 | D:8      | Noticed an ice devil
  9901 | D:8      | Noticed an ice devil
  9904 | D:8      | Noticed an ice statue
  9904 | D:8      | Noticed an ice devil
 10016 | D:8      | Noticed an ice devil
 10046 | D:8      | Noticed Psyche
 10233 | D:8      | Reached skill level 5 in Dodging
 10233 | D:8      | Reached skill level 5 in Evocations
 10532 | D:8      | Killed Psyche
 10533 | D:8      | Gained mutation: You regenerate health from kills. [demonic
                  | ancestry]
 10533 | D:8      | Reached XP level 10. HP: 20/76 MP: 3/10
 11002 | D:8      | Reached skill level 6 in Fighting
 11460 | D:8      | Learned a level 1 spell: Apportation
 11840 | D:8      | Identified the +0 pair of gloves "Omaot" {Fly Int+7 Dex+3
                  | Slay-4}
 12174 | D:9      | Reached skill level 5 in Armour
 12232 | D:9      | Noticed an oklob plant
 12293 | D:9      | Noticed an oklob plant
 12294 | D:9      | Paralysed by a floating eye for 2 turns
 12297 | D:9      | Paralysed by a floating eye for 4 turns
 12301 | D:9      | Noticed an oklob plant
 12302 | D:9      | Paralysed by a floating eye for 2 turns
 12573 | D:8      | Paralysed by a hornet for 3 turns
 12578 | D:8      | Reached skill level 1 in Spellcasting
 12578 | D:8      | Reached skill level 1 in Translocations
 13090 | D:9      | Found Cuhies's General Store.
 13281 | D:9      | Noticed Erolcha
 13289 | D:9      | Paralysed by a floating eye for 4 turns
 13525 | D:9      | Paralysed by a floating eye for 2 turns
 13584 | D:9      | Killed Erolcha
 13777 | D:10     | Entered Level 10 of the Dungeon
 14015 | D:10     | Found a stormy altar of Qazlal.
 14070 | D:10     | Found Jitea's Armour Emporium.
 14434 | D:10     | Reached skill level 7 in Fighting
 15045 | D:10     | Found a staircase to the Lair.
 15117 | D:10     | Reached XP level 11. HP: 67/84 MP: 12/15
 15650 | Lair:1   | Entered Level 1 of the Lair of Beasts
 15982 | D:11     | Noticed a two-headed ogre
 15989 | D:11     | Paralysed by a hornet for 2 turns
 16402 | Lair:1   | Noticed Grum
 16726 | D:10     | Reached skill level 5 in Axes
 16993 | Lair:1   | Killed Grum
 16994 | Lair:1   | Reached skill level 5 in Throwing
 17070 | Lair:1   | Succumbed to a cane toad's poison

Illustrated notes

Levels and vault maps discovered:
D:1:      roderic_octagonal_star, layout_basic,
          shapermc_ecumenical_altar_flowoftime
D:2:      minmay_chambers_of_ones, layout_loops_ring, uniq_terence
D:3:      minmay_bubble_buster, layout_basic, mainiacjoe_overflow_paths
D:4:      layout_basic, lemuel_doored_altar
D:5:      layout_rooms, minmay_misc_feat_iff, chequers_serial_rivers_room_b,
          uniq_sigmund
D:6:      layout_loops_ring, gammafunk_temple_overflow_elements,
          minmay_temple_entry_proselytizer
D:7:      layout_basic, mainiacjoe_overflow_six_doors_small, enter_ossuary_1,
          uniq_pikel, uniq_maggie
D:8:      cheibrodos_frozen_isle, layout_loops_ring, uniq_psyche
D:9:      layout_roguey, nicolae_take_the_stairs, disabler_island, uniq_erolcha
D:10:     layout_loops_corners, overflow_temple_1_default, david_lair_generic,
          serial_shops, shop
D:11:     layout_loops_cross, nicolae_qazlal_general_emergency
Temple:   eino_temple_rhombus
Lair:1:   layout_misc_corridors, chequers_serial_rivers_micro_d, uniq_grum

Skill      XL: |  1  2  3  4  5  6  7  8  9 10 11 |
---------------+----------------------------------+-----
Polearms       | 2 3 4 |  4.9
Dodging        | 2 3 4 5 6 |  6.4
Evocations     | 1 2 3 4 5 |  5.6
Axes           | 1 2 3 4 5 |  5.0
Armour         | 1 2 3 4 5 6 |  6.0
Throwing       | 1 2 3 4 5 |  5.0
Shields        | 1 2 3 4 |  4.2
Fighting       | 4 5 7 |  7.4
Spellcasting   | 2 3 |  3.0
Translocations | 2 3 |  3.1
Stealth        | |  4.5

Action                   |  1- 3 |  4- 6 |  7- 9 | 10-12 || total
-------------------------+-------+-------+-------+-------++-------
Melee: Spear             |    65 |     3 |       |       ||    68
       Tailslap          |     7 |    17 |    67 |    98 ||   189
       Trident           |       |   240 |   418 |   619 ||  1277
 Fire: Sling             |       |     3 |     3 |       ||     6
Throw: Dart              |       |       |     4 |    14 ||    18
Evoke: Wand              |       |     2 |    11 |    23 ||    36
  Use: Potion            |     1 |     4 |     2 |     2 ||     9
       Scroll            |       |       |    14 |    11 ||    25
 Stab: Sleeping          |     2 |    13 |     8 |       ||    23
       Distracted        |       |       |     1 |     1 ||     2
       Invisible         |       |       |     5 |     6 ||    11
Armor: Leather armour    |    13 |     1 |       |       ||    14
       Ring mail         |       |    69 |    77 |       ||   146
       Steam dragon scal |       |       |    14 |     7 ||    21
       Chain mail        |       |       |       |   213 ||   213
Dodge: Dodged            |    25 |   109 |   207 |   383 ||   724
Block: Buckler           |     2 |    26 |    80 |   219 ||   327

Table legend: (Time is in decaauts)
 A = Elapsed time spent in this place.
 B = Non-inter-level travel time spent in this place.
 C = Inter-level travel time spent in this place.
 D = Time resting spent in this place.
 E = Time spent auto-exploring this place.
 F = Levels seen in this place.
 G = Mean time per level.
                   A        B        C        D        E       F      G
               +--------+--------+--------+--------+--------+-----+--------+
         Total |  17199 |  16479 |    720 |   2290 |  10708 |  14 | 1228.5 |
       Dungeon |  16292 |  15591 |    701 |   2121 |  10354 |  11 | 1481.1 |
        Temple |     86 |     70 |     16 |      0 |     59 |   1 |   86.0 |
          Lair |    280 |    278 |      2 |      0 |    124 |   1 |  280.0 |
       Ossuary |    539 |    539 |      0 |    169 |    171 |   1 |  539.0 |
               +--------+--------+--------+--------+--------+-----+--------+

Top non-repeatable levels by time:
     D:8: 3189 daAuts
    D:10: 2810 daAuts
     D:6: 2026 daAuts
     D:4: 1795 daAuts
     D:2: 1173 daAuts
     D:5: 1168 daAuts
     D:7: 1099 daAuts
     D:9: 1016 daAuts
     D:1: 922 daAuts
     D:3: 921 daAuts
 Ossuary: 539 daAuts
  Lair:1: 280 daAuts
    D:11: 169 daAuts
  Temple: 86 daAuts
